 Dungeon Crawl Stone Soup version 0.32-a0-815-g315f82d515 (webtiles) character file.

Game seed: 13924133584643880920

10174 stil the Destroyer (level 11, -6/62 HPs)
             Began as a Tengu Fire Elementalist on Mar 23, 2024.
             Was an Initiate of Gozag.
             Mangled by a shadow (23 damage)
             ... on level 10 of the Dungeon.
             The game lasted 00:39:44 (8904 turns).

stil the Destroyer (Tengu Fire Elementalist)        Turns: 8904, Time: 00:39:44

Health: -6/62      AC:  7    Str:  8    XL:     11   Next: 58%
Magic:  18/26      EV: 18    Int: 19    God:    Gozag
Gold:   1416       SH:  0    Dex: 16    Spells: 20/30 levels left

rFire   . . .        P - +9 falchion of Spite {drain, rN+}
rCold   . . .        (no shield)
rNeg    + . .        S - +2 robe {Will+}
rPois   .            U - +2 hat
rElec   .            (no cloak)
rCorr   +            s - +0 pair of gloves
SInv    .            (boots unavailable)
Will    ++...        k - amulet of magic regeneration
Stlth   ++           G - ring of willpower
HPRegen 0.30/turn    m - ring of resist corrosion
MPRegen 0.60/turn

%: acrobat
@: flying
A: beak, talons 3, evasive flight, acrobatic
a: Renounce Religion, Potion Petition, Call Merchant, Bribe Branch


You were on level 10 of the Dungeon.
You worshipped Gozag.
Gozag was most pleased with you.
You visited 1 branch of the dungeon, and saw 10 of its levels.
You also visited: Sewer.

You collected 1465 gold pieces.
You paid 49 gold pieces to Gozag.


Innate Abilities, Weirdness & Mutations

You have a beak for a mouth.
You have claws for feet.
Your magical flight helps you evade attacks. (EV +4)
You can magically evade attacks while moving or waiting.


   Skills:
 + Level 4.6 Fighting
 + Level 5.7 Dodging
 - Level 2.0 Stealth
 * Level 10.3 Spellcasting
 + Level 10.8 Conjurations
 + Level 9.6 Fire Magic
 + Level 5.9 Air Magic


You had 20 spell levels left.
You knew the following spells:

 Your Spells              Type           Power      Damage    Failure   Level
f - Foxfire               Conj/Fire      100%       2x1d9     1%          1
r - Inner Flame           Hex/Fire       28%        N/A       3%          3
X - Scorch                Fire           92%        2d8       1%          2
Y - Flame Wave            Conj/Fire      48%        2d12      1%          4

Your spell library contained the following spells:

 Spells                   Type           Power      Damage    Failure   Level
 Magic Dart               Conj           100%       1d8       1%          1
 Momentum Strike          Conj/Tloc      60%        3d9       1%          2
 Static Discharge         Conj/Air       82%        3-7/arc   1%          2
 Stone Arrow              Conj/Erth      60%        3d10      2%          3
 Volatile Blastmotes      Fire/Tloc      56%        2d14      3%          3
 Cigotuvi's Dreadful Rot  Necr/Alch/Air  34%        N/A       4%          2
 Airstrike                Air            16%        2d(3-19)  6%          4
 Sandblast                Erth           18%        2d7       8%          1
 Summon Small Mammal      Summ           36%        N/A       8%          1
 Brom's Barrelling Bould  Conj/Erth      30%        2d5       8%          4
 Fulminant Prism          Conj/Alch      15%        3d10      8%          4
 Iskenderun's Mystic Bla  Conj/Tloc      30%        2d8       8%          4
 Ignite Poison            Fire/Alch      28%        N/A       10%         4
 Summon Blazeheart Golem  Fire/Summ      28%        N/A       10%         4
 Blink                    Tloc           18%        N/A       11%         2
 Call Imp                 Summ           18%        N/A       11%         2
 Lesser Beckoning         Tloc           18%        N/A       11%         2
 Freezing Cloud           Conj/Ice/Air   15%        6-21      21%         5
 Summon Lightning Spire   Summ/Air       21%        N/A       22%         4
 Animate Armour           Summ/Erth      18%        N/A       58%         4
 Orb of Destruction       Conj           25%        9d9       58%         7
 Summon Mana Viper        Hex/Summ       9%         N/A       90%         5
 Spellforged Servitor     Conj/Summ      15%        N/A       100%        7
 Summon Hydra             Summ           4%         N/A       100%        7

Inventory:

Hand Weapons
 u - a +3 falchion of holy wrath
 L - a +3 hand axe of freezing
 P - the +9 falchion of Spite (weapon) {drain, rN+}
   (You took it off an orc priest on level 6 of the Dungeon)

   rN+:       It protects you from negative energy.
 R - a +3 scimitar of flaming
Missiles
 n - 12 atropa-tipped darts
 p - 3 throwing nets {=f}
 x - 2 javelins
 y - 23 poisoned darts
 Q - 3 curare-tipped darts {=f}
Armour
 a - a +0 robe
 s - a +0 pair of gloves (worn)
 S - a +2 robe of willpower (worn)
 U - a +2 hat (worn)
Magical Staves
 j - a staff of cold {!a}
Jewellery
 k - an amulet of magic regeneration (around neck)
 m - a ring of resist corrosion (right hand)
 G - a ring of willpower (left hand)
 I - a +6 ring of dexterity
 M - a +6 ring of dexterity
Wands
 E - a wand of digging (6)
 N - a wand of roots (9)
 T - a wand of polymorph (2)
 V - a wand of light (5)
Scrolls
 c - a scroll of revelation
 d - a scroll of blinking {unknown}
 f - 3 scrolls of teleportation {@r2}
 g - 2 scrolls of amnesia {unknown}
 l - 3 scrolls of poison {unknown}
 r - a scroll of immolation {unknown}
 t - 2 scrolls of identify {unknown}
 v - a scroll of fear {unknown}
 C - a scroll of fog {unknown}
 J - a scroll of noise {unknown}
 K - a scroll of vulnerability {unknown}
 O - a scroll of silence {unknown}
Potions
 b - 3 potions of magic
 e - 5 potions of curing {@q1}
 h - 2 potions of berserk rage {unknown}
 i - a potion of mutation {unknown}
 o - a potion of enlightenment {unknown}
 q - 2 potions of attraction {unknown}
 w - 2 potions of resistance {unknown}
 z - 2 potions of heal wounds {unknown}
 A - 4 potions of haste {unknown}
 B - 4 potions of invisibility {unknown}
 D - 2 potions of might {unknown}
 F - a potion of lignification {unknown}
 H - 3 potions of degeneration {unknown}

Dungeon Overview and Level Annotations

Branches:
Dungeon (10/15)            Temple (0/1) D:4           Sewer (visited)
   Lair: D:8-11         Orc: D:9-12

Altars:
Ashenzari
Cheibriados
Dithmenos
Gozag
Okawaru
Qazlal
Ru
Sif Muna
Uskayaw
Vehumet
Xom
Yredelemnul
The Shining One

###$# #.W.# #####.### #
#.....# # ###'##########
# #.......o....# . #
#....).......# ... #
#...).o.o....##..P..
#####..)).....oo@Z...P..
#...'............###.#..
'.###....).......# ###
##########+### # # #


You could see an orc warrior, 4 orcs and a centaur warrior zombie.


Message History

It was a potion of curing.
You feel better.
An orc comes into view. It is wielding a +0 dagger.
Casting: Flame Wave (dangerous; 1% risk of failure)
Confirm with . or Enter, or press ? or * to list all spells.
Aiming: Inner Flame (dangerous; 3% risk of failure)
Press: ? - help, Dir - move target, f - orc
Aim: an orc, wielding a +0 dagger (chance to affect: 92%)
Okay, then.
An orc comes into view. It is wielding a +0 flail.
The vampire mumbles some strange words.
The vampire flickers and vanishes!
You reach down and open the door.
A centaur warrior zombie comes into view.
The sentinel's mark upon you fades away.
An orc warrior comes into view. It is wielding a +0 short sword.
The centaur warrior zombie hits you but does no damage.
The centaur warrior zombie kicks you but does no damage.
Casting: Inner Flame (dangerous; 3% risk of failure)
Confirm with . or Enter, or press ? or * to list all spells.
Casting: Flame Wave (dangerous; 1% risk of failure)
Press: ? - help, Dir - look around, f - activate A wave of flame ripples out!
The flame wave engulfs the centaur warrior zombie!
The centaur warrior zombie is lightly damaged. (Press . to intensify the flame waves.)
The centaur warrior zombie hits you but does no damage.
The centaur warrior zombie closely misses you.
The shadow strikes at you from the darkness!
You die...
Your body crumbles into a pile of gold.

Skill      XL: |  1  2  3  4  5  6  7  8  9 10 11 |
---------------+----------------------------------+-----
Conjurations   | 2 3 4 5 6 7 9 10 | 10.8
Fire Magic     | 4 5 6 7 8 9 |  9.6
Spellcasting   | 3 4 5 7 8 9 10 | 10.3
Air Magic      | 2 4 5 |  5.9
Fighting       | 1 3 4 |  4.6
Dodging        | 3 4 5 |  5.7
Stealth        | |  2.0

Action                     |  1- 3 |  4- 6 |  7- 9 | 10-12 || total
---------------------------+-------+-------+-------+-------++-------
  Melee: Unarmed           |     4 |       |       |       ||     4
         Peck              |     1 |     2 |     1 |     1 ||     5
         Dagger            |     5 |     8 |     2 |       ||    15
         Kick              |     3 |     2 |     1 |     3 ||     9
         Falchion          |       |       |     4 |    12 ||    16
   Cast: Foxfire           |    46 |    71 |   181 |   137 ||   435
         Scorch            |     1 |    30 |    54 |    42 ||   127
         Inner Flame       |       |       |    12 |    11 ||    23
         Flame Wave        |       |       |       |     7 ||     7
    Use: Scroll            |       |       |     1 |     3 ||     4
         Potion            |       |       |       |     1 ||     1
   Stab: Sleeping          |       |     1 |       |       ||     1
 Armour: Robe              |    12 |     8 |    23 |    40 ||    83
  Dodge: Dodged            |    10 |    16 |    40 |    75 ||   141

Levels and vault maps discovered:
D:1:      roderic_crop_circles_arrival_small, layout_basic
D:2:      layout_loops_ring, kennysheep_potato
D:3:      layout_basic, lemuel_crystal_altar, ashenzari_conservatory_becter,
          mainiacjoe_overflow_brackets
D:4:      layout_basic, mainiacjoe_overflow_tiny_flanked,
          minmay_temple_entry_nine_rooms, gup_sewer_entry_bowl, serial_shops,
          nicolae_diamond_shop, minmay_circle_x
D:5:      layout_basic, nicolae_dithmenos_the_darkroom,
          mainiacjoe_overflow_24_doors, serial_co_window_serial,
          co_window_paths_a, co_window_corner_a, co_window_corner_a,
          co_window_of_opportunity_a, co_window_corner_a, co_window_paths_a,
          co_window_of_opportunity_a, co_window_cross_3,
          co_window_of_opportunity_b, co_window_broadway_b,
          co_window_broadway_a, co_window_of_opportunity_c, co_window_paths_c,
          co_window_broadway_c, co_window_paths_e, glass_columns_c,
          chequers_decorated_corner
D:6:      layout_rooms, uniq_duvessa
D:7:      layout_basic, nicolae_qazlal_beasts_of_the_sky,
          kennysheep_slug_shrine, lemuel_doored_altar, kennysheep_mini_moat
D:8:      layout_rooms, okawaru_altar_gauntlet_db
D:9:      layout_basic, vehumet_crystals, tso_altar, moated_statue,
          chequers_garden, uniq_erica, uniq_gastronok, uniq_harold
D:10:     layout_roguey, orc_david_3, serial_undead, serial_undead_b,
          serial_undead_e, serial_undead_c, serial_undead_d, serial_undead_a,
          serial_undead_c, serial_undead_f, serial_undead_b,
          minmay_hollow_rounded_squares

Notes
Turn   | Place    | Note
-------+----------+-------------------------------------------
     0 | D:1      | stil the Tengu Fire Elementalist began the quest for the
                  | Orb.
     0 | D:1      | Reached XP level 1. HP: 10/10 MP: 4/4
    20 | D:1      | HP: 1/10 [constriction (1)]
   242 | D:1      | Reached XP level 2. HP: 15/15 MP: 1/6
   246 | D:1      | Reached skill level 2 in Conjurations
   249 | D:1      | Learned a level 2 spell: Scorch
  1341 | D:2      | Reached XP level 3. HP: 19/19 MP: 5/7
  1458 | D:2      | Reached skill level 4 in Fire Magic
  1460 | D:2      | Reached skill level 3 in Conjurations
  1460 | D:2      | Reached XP level 4. HP: 24/24 MP: 4/9
  1822 | D:2      | Reached skill level 3 in Spellcasting
  2197 | D:3      | Found a broken altar of Ashenzari.
  2251 | D:3      | Found a basalt altar of Yredelemnul.
  2299 | D:3      | Noticed an ice beast
  2306 | D:3      | Killed an ice beast
  2307 | D:3      | Reached skill level 4 in Conjurations
  2307 | D:3      | Reached XP level 5. HP: 20/28 MP: 4/11
  2342 | D:3      | Found a shimmering altar of Xom.
  2760 | D:4      | Reached XP level 6. HP: 32/32 MP: 9/12
  2838 | D:4      | Reached skill level 5 in Fire Magic
  2948 | D:4      | Reached skill level 4 in Spellcasting
  2948 | D:4      | Reached skill level 5 in Conjurations
  3138 | D:4      | Found a glowing drain.
  3142 | Sewer    | Entered a sewer
  3148 | Sewer    | Learned a level 4 spell: Flame Wave
  3152 | Sewer    | Learned a level 3 spell: Inner Flame
  3307 | Sewer    | Gained mutation: Your magical flight helps you evade
                  | attacks. (EV +4) [Tengu growth]
  3307 | Sewer    | Reached XP level 7. HP: 36/36 MP: 3/14
  3513 | D:4      | Found an opulent altar of Gozag.
  3529 | D:4      | Became a worshipper of Gozag Ym Sagoz the Greedy
  3624 | D:4      | Reached skill level 5 in Spellcasting
  3624 | D:4      | Reached skill level 6 in Conjurations
  3624 | D:4      | Reached skill level 6 in Fire Magic
  3847 | D:4      | Found a staircase to the Ecumenical Temple.
  3942 | D:4      | Found Vekaim's Assorted Antiques.
  4055 | D:5      | Entered Level 5 of the Dungeon
  4182 | D:5      | Reached XP level 8. HP: 40/41 MP: 8/17
  4206 | D:5      | Found a hide-covered altar of Uskayaw.
  4285 | D:5      | Found a shadowy altar of Dithmenos.
  4453 | D:5      | Reached skill level 6 in Spellcasting
  4548 | D:5      | Reached skill level 7 in Conjurations
  5214 | D:6      | Noticed Duvessa
  5214 | D:6      | Noticed Dowan
  5313 | D:6      | Reached skill level 7 in Fire Magic
  5463 | D:6      | Got the Monograph on the Comitatus
  5492 | D:6      | Reached skill level 7 in Spellcasting
  5492 | D:6      | Reached XP level 9. HP: 45/45 MP: 15/20
  5506 | D:6      | Reached skill level 8 in Conjurations
  5581 | D:6      | Killed Duvessa
  5584 | D:6      | Killed Dowan
  5837 | D:7      | Noticed a hornet
  5840 | D:7      | Killed a hornet
  5855 | D:7      | Reached skill level 8 in Spellcasting
  5862 | D:7      | Reached skill level 8 in Fire Magic
  5932 | D:6      | Identified the +9 falchion of Spite {drain, rN+}
  5972 | D:7      | Found a stormy altar of Qazlal.
  6082 | D:7      | Found a snail-covered altar of Cheibriados.
  6128 | D:7      | Found a shimmering blue altar of Sif Muna.
  6198 | D:7      | Found a sacrificial altar of Ru.
  6470 | D:8      | Reached skill level 9 in Conjurations
  6538 | D:8      | Reached skill level 1 in Air Magic
  6541 | D:8      | Reached skill level 1 in Fighting
  6703 | D:8      | Reached skill level 3 in Dodging
  6703 | D:8      | Reached skill level 2 in Air Magic
  6703 | D:8      | Reached XP level 10. HP: 52/52 MP: 18/23
  6765 | D:8      | Found an iron altar of Okawaru.
  6896 | D:8      | Reached skill level 2 in Fighting
  7214 | D:9      | Found a radiant altar of Vehumet.
  7246 | D:9      | Reached skill level 3 in Air Magic
  7251 | D:9      | Noticed a two-headed ogre
  7252 | D:9      | Reached skill level 9 in Spellcasting
  7258 | D:9      | Killed a two-headed ogre
  7259 | D:9      | Reached skill level 4 in Dodging
  7303 | D:9      | Noticed Gastronok
  7307 | D:9      | Noticed Erica
  7318 | D:9      | Killed Erica
  7319 | D:9      | Reached skill level 3 in Fighting
  7319 | D:9      | Reached skill level 4 in Air Magic
  7470 | D:9      | Killed Gastronok
  7471 | D:9      | Reached skill level 10 in Conjurations
  7471 | D:9      | Reached skill level 9 in Fire Magic
  7471 | D:9      | Reached XP level 11. HP: 39/60 MP: 16/25
  7611 | D:9      | Noticed a centaur warrior
  7615 | D:9      | Killed a centaur warrior
  7616 | D:9      | Reached skill level 5 in Dodging
  7616 | D:9      | Reached skill level 5 in Air Magic
  7677 | D:9      | Noticed Harold
  7680 | D:9      | Reached skill level 4 in Fighting
  7898 | D:9      | Reached skill level 10 in Spellcasting
  8307 | D:9      | Killed Harold
  8484 | D:9      | Found a glowing golden altar of the Shining One.
  8771 | D:10     | Entered Level 10 of the Dungeon
  8892 | D:10     | Noticed a centaur warrior
  8893 | D:10     | Noticed a two-headed ogre
  8894 | D:10     | HP: 6/62 [something (24)]
  8904 | D:10     | Mangled by a shadow

Vanquished Creatures
  Gastronok (D:9)
  Harold (D:9)
  Erica (D:9)
  A centaur warrior (D:9)
  A two-headed ogre (D:9)
  A troll (D:9)
  A hornet (D:7)
  4 wyverns
  5 yaks (D:9)
  3 shadows (D:10)
  A wraith (D:9)
  A steam dragon (D:6)
  2 vampire mosquitoes (D:10)
  Duvessa (D:6)
  A water moccasin (D:6)
  An acid dragon (D:9)
  2 orc warriors (D:9)
  2 ice beasts
  A sky beast (D:7)
  2 ogres
  3 black bears
  4 centaurs
  5 phantoms
  5 kobold brigands
  A bullfrog (D:8)
  A scorpion (D:4)
  A gnoll sergeant (D:9)
  5 wights (D:8)
  Dowan (D:6)
  6 killer bees
  A howler monkey (D:4)
  A centaur zombie (D:10)
  2 bombardier beetles (D:5)
  4 hounds
  3 jellies
  5 orc priests
  2 iguanas (D:4)
  8 orc wizards
  7 gnolls
  9 adders
  A river rat (D:4)
  4 white imps
  2 ufetubi (D:7)
  3 ribbon worms
  6 dart slugs
  17 orcs
  12 ball pythons
  11 endoplasms
  5 giant cockroaches
  7 goblins
  12 hobgoblins
  2 jackals (D:2)
  2 quokkas
  5 bats
  A frilled lizard (D:3)
  32 kobolds
  7 rats
236 creatures vanquished.

Vanquished Creatures (collateral kills)
  6 foxfires
6 creatures vanquished.

Vanquished Creatures (others)
  734 foxfires
734 creatures vanquished.

Grand Total: 976 creatures vanquished

Table legend: (Time is in decaauts)
 A = Elapsed time spent in this place.
 B = Non-inter-level travel time spent in this place.
 C = Inter-level travel time spent in this place.
 D = Time resting spent in this place.
 E = Time spent auto-exploring this place.
 F = Levels seen in this place.
 G = Mean time per level.
                   A        B        C        D        E       F      G
               +--------+--------+--------+--------+--------+-----+--------+
         Total |   8931 |   8563 |    368 |    389 |   6753 |  11 |  811.9 |
       Dungeon |   8608 |   8240 |    368 |    389 |   6521 |  10 |  860.8 |
         Sewer |    322 |    322 |      0 |      0 |    231 |   1 |  322.0 |
               +--------+--------+--------+--------+--------+-----+--------+

Top non-repeatable levels by time:
     D:9: 1388 daAuts
     D:1: 1302 daAuts
     D:5: 1183 daAuts
     D:4: 991 daAuts
     D:8: 901 daAuts
     D:2: 741 daAuts
     D:3: 711 daAuts
     D:6: 635 daAuts
     D:7: 617 daAuts
   Sewer: 322 daAuts
    D:10: 134 daAuts

Table legend:
 A = Non-vault XP
 B = Vault XP
 C = Vault XP percentage of total XP
 D = Non-vault monster count
 E = Vault monster count
 F = Vault count percentage of total count
                 A         B        C        D         E       F
            +---------+---------+-------+---------+---------+-------
      Total |   10239 |    4296 |  29.6 |     188 |      48 |  20.3
            +---------+---------+-------+---------+---------+-------
        D:1 |      31 |       0 |   0.0 |      15 |       0 |   0.0
        D:2 |     102 |       6 |   5.6 |      24 |       3 |  11.1
        D:3 |     167 |       0 |   0.0 |      11 |       0 |   0.0
        D:4 |     574 |      26 |   4.3 |      23 |       9 |  28.1
        D:5 |     642 |       0 |   0.0 |      15 |       0 |   0.0
        D:6 |    1102 |     222 |  16.8 |      14 |       2 |  12.5
        D:7 |     657 |     128 |  16.3 |      19 |       2 |   9.5
        D:8 |    1787 |      25 |   1.4 |      28 |       6 |  17.6
        D:9 |    4475 |    3186 |  41.6 |      31 |       3 |   8.8
       D:10 |     702 |     469 |  40.1 |       8 |       3 |  27.3
      Sewer |       0 |     234 | 100.0 |       0 |      20 | 100.0
            +---------+---------+-------+---------+---------+-------
